 Dungeon Crawl Stone Soup version 0.18.1-5-g4a78601 (webtiles) character file.

5287 Liquid the Fighter (level 10, -4/61 HPs)
             Began as a Gargoyle Fighter on May 10, 2016.
             Was a Priest of Okawaru.
             Slain by an orc warrior
             ... wielding a +0 glaive
             ... summoned by an orc knight
              (29 damage)
             ... in a bailey.
             The game lasted 00:42:57 (8374 turns).

Liquid the Fighter (Gargoyle Fighter)               Turns: 8374, Time: 00:43:01

Health: -4/61      AC: 17    Str: 22    XL:     10   Next: 63%
Magic:  11/12      EV: 16    Int:  9    God:    Okawaru [***...]
Gold:   343        SH: 21    Dex: 17    Spells: 1 memorised, 8 levels left

rFire  + . .     SeeInvis .     e - +2 whip (drain)
rCold  + . .     Gourm    .     N - +2 scale mail of Qaaskob {rN+ Regen+ Dex+2 Stlth+}
rNeg   + + .     Faith    .     j - +1 large shield
rPois  ∞         Spirit   .     (no helmet)
rElec  +         Dismiss  .     y - +0 cloak
rCorr  .         Reflect  .     (no gloves)
SustAt .         Harm     .     F - +0 pair of boots
MR     .....     Clarity  +     (no amulet)
Stlth  ++++......               I - ring of protection from cold
                                J - ring of protection from fire

@: agile, heroism, very slightly contaminated, not resistant to hostile
enchantments, stealthy
A: blurry vision 1, clarity, deformed body, frail 1, mutation resistance 1,
negative energy resistance 1, screaming 1, electricity resistance, unbreathing,
petrification resistance, rot immunity, AC +7
a: Heroism, Renounce Religion


You were in a bailey.
You worshipped Okawaru.
Okawaru was most pleased with you.
You were hungry.

You visited 2 branches of the dungeon, and saw 10 of its levels.
You also visited: Sewer, Ossuary and Bailey.

You collected 577 gold pieces.
You spent 234 gold pieces at shops.

Inventory:

Hand Weapons
 a - a +1 flail of electrocution
 e - a +2 whip of draining (weapon)
 q - a +3 whip
 s - a +0 blowgun
Missiles
 t - 32 poisoned needles
Armour
 j - a +1 large shield (worn)
 y - a +0 cloak (worn)
 F - a +0 pair of boots (worn)
 K - a +0 plate armour
 N - the +2 scale mail of Qaaskob (worn) {rN+ Regen+ Dex+2 Stlth+}
   (You bought it in a shop on level 9 of the Dungeon)

   It affects your dexterity (+2).
   It protects you from negative energy.
   It increases your rate of regeneration.
   It makes you more stealthy.
Jewellery
 z - an uncursed ring of sustain attributes
 I - a ring of protection from cold (right hand)
 J - a ring of protection from fire (left hand)
Wands
 B - a wand of slowing (17/48)
 E - a wand of acid (11/15)
Scrolls
 c - a scroll of fear
 r - 3 scrolls of recharging
 u - 3 scrolls of amnesia
 x - 2 scrolls of remove curse
 A - 3 scrolls of enchant weapon
 D - 2 scrolls of teleportation
 G - 2 scrolls of magic mapping
Potions
 d - 3 potions of brilliance
 g - 8 potions of curing
 i - a potion of flight
 m - 2 potions of berserk rage
 n - a potion of agility
 o - 2 potions of might
 w - 3 potions of haste
 C - 2 potions of ambrosia
 M - 2 potions of heal wounds
 O - a potion of resistance
 P - a potion of invisibility {unknown}
 Q - a potion of experience {unknown}
Books
 H - a book of Clouds

   Spells                             Type                      Level
   a - Mephitic Cloud                 Conjuration/Poison/Air       3
   b - Conjure Flame                  Conjuration/Fire             3
   c - Poisonous Cloud                Conjuration/Poison/Air       6
   d - Freezing Cloud                 Conjuration/Ice/Air          6
   e - Ring of Flames                 Charms/Fire                  7
 L - a book of Minor Magic

   Spells                             Type                      Level
   a - Magic Dart                     Conjuration                  1
   b - Blink                          Translocation                2
   c - Call Imp                       Summoning                    2
   d - Repel Missiles                 Charms/Air                   2
   e - Slow                           Hexes                        2
   f - Conjure Flame                  Conjuration/Fire             3
   g - Mephitic Cloud                 Conjuration/Poison/Air       3
Comestibles
 f - 6 bread rations
 h - 3 fruits
 k - a meat ration
 l - 4 slices of pizza
 p - 3 chunks of flesh
 v - 2 beef jerkies


   Skills:
 * Level 10.2(15.2) Fighting
 * Level 9.8(14.8) Maces & Flails
 + Level 4.5(9.5) Armour
 + Level 8.4(13.4) Shields
 - Level 3.6 Invocations


You had 8 spell levels left.
You knew the following spells:

 Your Spells              Type           Power        Failure   Level  Hunger
a - Summon Butterflies    Summ           #.......     100%        1    ##.....


Dungeon Overview and Level Annotations

Branches:
Dungeon (9/15)             Temple (1/1) D:6
   Lair: D:8-11         Orc: D:9-12

Altars:
Ashenzari
Cheibriados
Dithmenos
Fedhas
Gozag
Kikubaaqudgha
Makhleb
Nemelex Xobeh
Okawaru
Pakellas
Qazlal
Ru
Sif Muna
Trog
Vehumet
Xom
Yredelemnul
Zin
The Shining One

Shops:
D:9 [


Innate Abilities, Weirdness & Mutations

You are resistant to torment.
Your stone body is resilient (AC +7).
You are immune to poison.
You resist negative energy.
You are resistant to electric shocks.
You can survive without breathing.
You are immune to petrification.
You are immune to rotting.
Scrolls take you a little longer to read.
You possess an exceptional clarity of mind.
Armour fits poorly on your strangely shaped body.
You are frail (-10% HP).
You are somewhat resistant to further mutation.
You occasionally shout uncontrollably at your foes.


Message History

The orc dissolves into shadows!
The orc no longer looks unusually strong. x2
You block the gnoll's attack. You block the orc warrior's attack.
The gnoll misses you.
The orc wizard gestures wildly while chanting.
The orc wizard blinks!
You block the gnoll's attack.
You hit the gnoll.
The gnoll is almost dead.
The orc knight hits you from afar with a glaive.
You hear some strange, mumbled words.
A magic dart appears from out of thin air!
The magic dart hits you!
You hit the gnoll.
You kill the gnoll!
The gnoll's corpse dissolves into shadows!
The orc wizard gestures wildly while chanting.
The orc wizard blinks!
You block the gnoll's attack. You block the orc wizard's attack.
You block the gnoll's attack.
The orc warrior hits you from afar with a glaive!!
You die...

######### ####### ####
.g......###.....#########...
..g......'.......#.....#....
.........'go§.))o'.....'....
?go.....oggoo))).'.....'....
??.....ggoo)g.)))'.....'....
...o...ooog.o.).)#.....#....
.......g###@go..#########...
######### ####### ####


You could see 2 orc knights, 2 orc warriors, an orc priest, 2 orc wizards, 8
gnolls and 5 orcs.

Vanquished Creatures
  An orc knight (Bailey)
  Sigmund (D:2)
  A hippogriff (D:7)
  2 ice beasts
  2 sky beasts
  11 orc warriors
  3 ogres (D:4)
  2 centaurs
  3 big kobolds
  2 giant frogs
  A wyvern skeleton (D:6)
  5 scorpions
  3 killer bees (D:8)
  3 crimson imps
  3 howler monkeys
  A giant frog zombie (D:5)
  A centaur zombie (Ossuary)
  3 hounds
  5 jellies
  A quasit (D:7)
  A human zombie (Ossuary)
  A gnoll shaman (D:6)
  2 orc priests (D:9)
  A wasp zombie (D:7)
  11 orc wizards
  A centaur skeleton (D:4)
  2 giant frog skeletons
  3 iguanas
  7 worker ants
  A killer bee zombie (D:7)
  2 hound zombies (D:6)
  2 mummies (Ossuary)
  A howler monkey zombie (D:8)
  2 worker ant zombies
  10 gnolls
  A howler monkey skeleton (D:6)
  17 adders
  A shadow imp (D:7)
  3 oozes
  An adder zombie (Ossuary)
  2 adder skeletons
  4 worms
  2 dart slugs
  6 giant geckos
  47 orcs
  6 ball pythons
  8 bats
  7 giant cockroaches
  15 goblins
  9 hobgoblins
  7 jackals
  5 quokkas
  A giant cockroach zombie (D:5)
  5 giant newts
  8 hobgoblin zombies (Ossuary)
  3 jackal zombies (Ossuary)
  21 kobolds
  9 kobold zombies
  10 orc zombies (Ossuary)
  9 rats
  4 rat zombies (Ossuary)
312 creatures vanquished.

Notes
Turn   | Place    | Note
--------------------------------------------------------------
     0 | D:1      | Liquid the Gargoyle Fighter began the quest for the Orb.
     0 | D:1      | Reached XP level 1. HP: 14/14 MP: 1/1
   124 | D:1      | Reached XP level 2. HP: 16/19 MP: 2/2
   466 | D:1      | Reached XP level 3. HP: 20/23 MP: 3/3
   685 | D:2      | Noticed Sigmund
   713 | D:2      | Killed Sigmund
   713 | D:2      | Reached skill level 4 in Fighting
   713 | D:2      | Reached XP level 4. HP: 16/29 MP: 4/4
   713 | D:2      | Reached XP level 5. HP: 18/33 MP: 5/5
   817 | D:2      | Found a radiant altar of Vehumet.
  1166 | D:2      | Reached XP level 6. HP: 39/39 MP: 6/6
  1284 | D:3      | Found a glowing golden altar of the Shining One.
  1508 | D:3      | Found a glowing drain.
  1535 | Sewer    | Entered a sewer
  1580 | Sewer    | Reached skill level 5 in Maces & Flails
  1580 | Sewer    | Reached skill level 5 in Shields
  1835 | Sewer    | Reached skill level 5 in Fighting
  1835 | Sewer    | Reached XP level 7. HP: 29/44 MP: 7/7
  1953 | D:3      | Found a stormy altar of Qazlal.
  2872 | D:4      | Found a snail-covered altar of Cheibriados.
  3323 | D:4      | Reached skill level 6 in Fighting
  3323 | D:4      | Reached XP level 8. HP: 36/51 MP: 8/8
  3782 | D:5      | Entered Level 5 of the Dungeon
  3970 | D:5      | Learned a level 1 spell: Summon Butterflies
  4500 | D:6      | Reached skill level 7 in Fighting
  4596 | D:6      | Found a burning altar of Makhleb.
  4596 | D:6      | Noticed a cacodemon
  4617 | D:6      | Found a bloodstained altar of Trog.
  4689 | D:6      | Found a staircase to the Ecumenical Temple.
  4701 | Temple   | Entered the Ecumenical Temple
  4727 | Temple   | Became a worshipper of Warmaster Okawaru
  4933 | D:6      | Gained mutation: You are frail (-10% HP). [mutagenic meat]
  4934 | D:6      | Gained mutation: You are agile. (Dex +2) [mutagenic meat]
  4935 | D:6      | Gained mutation: You possess an exceptional clarity of mind. [mutagenic meat]
  4936 | D:6      | Gained mutation: You are somewhat resistant to further mutation. [mutagenic meat]
  4994 | D:6      | Reached XP level 9. HP: 50/52 MP: 9/9
  5018 | D:6      | Gained mutation: Scrolls take you a little longer to read. [potion of mutation]
  5019 | D:6      | Lost mutation: You are agile. (Dex +2) [potion of mutation]
  5019 | D:6      | Gained mutation: You occasionally shout uncontrollably at your foes. [potion of mutation]
  5334 | D:6      | Reached skill level 1 in Invocations
  5567 | D:7      | Reached skill level 8 in Fighting
  5717 | D:7      | Reached * piety under Okawaru
  6288 | D:7      | Gained mutation: Armour fits poorly on your strangely shaped body. [potion of mutation]
  6362 | D:7      | Found a sparkling altar of Nemelex Xobeh.
  6678 | D:8      | Reached ** piety under Okawaru
  6881 | D:8      | Found a sand-covered staircase.
  6892 | D:8      | Reached skill level 9 in Fighting
  6922 | Ossuary  | Entered an ossuary
  7243 | D:8      | Found a basalt altar of Yredelemnul.
  7251 | D:8      | Reached XP level 10. HP: 55/59 MP: 12/12
  7262 | D:8      | Found an iron altar of Okawaru.
  7880 | D:9      | Found a shattered altar of Ashenzari.
  7889 | D:9      | Found Yreavipe's Antique Armour Shop.
  7900 | D:9      | Bought a dazzling scale mail for 234 gold pieces
  7910 | D:9      | Identified the +2 scale mail of Qaaskob {rN+ Regen+ Dex+2 Stlth+} (You bought it in a shop on level 9 of the Dungeon)
  8023 | D:9      | Found a flagged portal.
  8037 | Bailey   | Entered a bailey
  8283 | Bailey   | Noticed an orc knight
  8306 | Bailey   | Killed an orc knight
  8306 | Bailey   | Reached *** piety under Okawaru
  8306 | Bailey   | Reached skill level 10 in Fighting
  8337 | Bailey   | Noticed an orc knight
  8342 | Bailey   | Noticed an orc knight
  8374 | Bailey   | Slain by an orc warrior

Skill      XL: |  1  2  3  4  5  6  7  8  9 10 |
---------------+-------------------------------+-----
Maces & Flails | 4 5 6 7 8 9 |  9.8
Fighting       | 4 5 6 7 9 10 | 10.2
Shields        | 4 5 6 7 8 |  8.4
Invocations    | 3 |  3.6
Armour         | 4 |  4.5

Action                   |  1- 3 |  4- 6 |  7- 9 | 10-12 || total
-------------------------+-------+-------+-------+-------++-------
Melee: Flail             |    98 |   344 |    89 |       ||   531
       Whip              |       |       |   788 |   284 ||  1072
 Fire: Blowgun           |       |       |     3 |       ||     3
Invok: Heroism           |       |       |     3 |     5 ||     8
  Use: Potion            |     1 |       |     6 |     8 ||    15
       Scroll            |       |     5 |    18 |     2 ||    25
  Eat: Chunk             |       |     4 |    23 |     4 ||    31
Armor: Scale mail        |    57 |   182 |   296 |    63 ||   598
       Chain mail        |       |       |       |     4 ||     4
Dodge: Dodged            |    28 |    71 |   126 |    80 ||   305
Block: Shield            |    32 |       |       |       ||    32
       Large shield      |    34 |   361 |   649 |   321 ||  1365
